 Dungeon Crawl Stone Soup version 0.18-a0-993-g4a3b7c7 (webtiles) character file.

469 Ijustatesigmund the Skirmisher (level 6, -5/52 HPs)
             Began as a Demonspawn Berserker on Jan 4, 2016.
             Was a Priest of Trog.
             Slain by an ice beast (7 damage)
             ... on level 5 of the Dungeon.
             The game lasted 00:08:57 (3849 turns).

Ijustatesigmund the Skirmisher (DsBe)               Turns: 3849, Time: 00:08:58

Health: -5/52      AC:  3    Str: 17    XL:     6   Next: 82%
Magic:  0/6        EV: 12    Int:  8    God:    Trog [***...]
Gold:   220        SH:  0    Dex: 15    Spells: 0 memorised, 5 levels left

rFire  . . .     SeeInvis .     s - +0 flail
rCold  . . .     Gourm    .     r - +0 leather armour
rNeg   . . .     Faith    .     (no shield)
rPois  .         Spirit   +     (helmet restricted)
rElec  .         Dismiss  .     (no cloak)
rCorr  +         Reflect  .     (no gloves)
SustAt .         Harm     .     (no boots)
MR     .....                    n - amulet of resist corrosion
Stlth  ++........               (no ring)
                                (no ring)

@: not resistant to hostile enchantments, unstealthy
A: antennae 1, nightstalker 1, magic shield
a: Berserk, Trog's Hand, Burn Spellbooks, Renounce Religion


You were on level 5 of the Dungeon.
You worshipped Trog.
Trog was most pleased with you.
You were not hungry.

You visited 1 branch of the dungeon, and saw 5 of its levels.

You collected 220 gold pieces.

Inventory:

Hand Weapons
 s - a +0 flail (weapon)
Armour
 r - a +0 leather armour (worn)
Jewellery
 n - an amulet of resist corrosion (around neck)
Wands
 b - a wand of flame (15/48)
 q - a wand of digging (1/24)
Scrolls
 k - 3 scrolls of teleportation
 l - 3 scrolls of remove curse
 o - a scroll of identify
 t - a scroll of fear
Potions
 a - a potion of resistance {unknown}
 d - 2 potions of heal wounds
 e - a potion of flight
 g - a potion of ambrosia
 i - 2 potions of cancellation {unknown}
 j - a potion of curing
 m - 2 potions of invisibility {unknown}
 p - a potion of brilliance {unknown}
Comestibles
 c - 3 bread rations
 f - a slice of pizza
 h - a beef jerky
 u - a meat ration


   Skills:
 + Level 5.7 Fighting
 + Level 5.5 Maces & Flails
 - Level 1.7 Armour
 - Level 1.7 Dodging


You had 5 spell levels left.
You didn't know any spells.

Dungeon Overview and Level Annotations

Branches:
Dungeon (5/15)
 Temple: D:4-7

Altars:
Cheibriados
Nemelex Xobeh
Okawaru
Pakellas


Innate Abilities, Weirdness & Mutations

You have a pair of small antennae on your head.
You are slightly more attuned to the shadows.
When hurt, damage is shared between your health and your magic reserves.


Message History

Found a whip.
u - a meat ration A crimson imp comes into view.
An ice beast and an ogre come into view.
The crimson imp shouts!
The ogre shouts!
The ogre barely misses you.
An adder skeleton comes into view.
You barely miss the ogre. The crimson imp hits you.
The ogre hits you with a giant club!
You barely miss the ogre. The crimson imp hits you.
You barely miss the ice beast. The ogre barely misses you.
The ice beast barely misses you. The crimson imp barely misses you.
You hit the ice beast.
The ice beast is lightly wounded.
The ogre hits you with a giant club!!
* * * LOW HITPOINT WARNING * * *
The ice beast hits you.
* * * LOW HITPOINT WARNING * * *
The ice beast freezes you!
You die...

...#...##.....##..##
...#...........#...
##.##'###......#..#
##.##..##.....##..##
.......##.....##...#
...................#
..............)....#
##.##..##.....##..$#
##.######.>...##@..#
...............O5Y.#
......<.........Z..#
...# .##..........#
...## .........#
....# .........#
....+ .........#
'#### ...#


You could see an ice beast, an ogre, a crimson imp and an adder skeleton.

Vanquished Creatures
  A phantom (D:4)
  A centaur (D:5)
  A scorpion (D:5)
  2 hounds
  A jelly (D:3)
  A centaur skeleton (D:5)
  Ijyb (D:2)
  3 adders
  An adder skeleton (D:5)
  3 worms
  3 giant geckos
  2 orcs
  5 giant cockroaches
  12 goblins
  7 hobgoblins
  4 jackals
  2 quokkas
  6 bats
  4 giant newts
  5 kobolds
  10 rats
75 creatures vanquished.

Notes
Turn   | Place    | Note
--------------------------------------------------------------
     0 | D:1      | Ijustatesigmund the Demonspawn Berserker began the quest for the Orb.
     0 | D:1      | Reached XP level 1. HP: 18/18 MP: 1/1
     6 | D:1      | Noticed a black bear
     6 | D:1      | Noticed a salamander
     6 | D:1      | Noticed a worker ant
   215 | D:1      | Gained mutation: You have a pair of small antennae on your head. [demonic ancestry]
   215 | D:1      | Reached XP level 2. HP: 21/24 MP: 2/2
  1038 | D:1      | Reached ** piety under Trog
  1353 | D:2      | Reached XP level 3. HP: 9/29 MP: 3/3
  1604 | D:2      | Noticed Ijyb
  1623 | D:2      | Killed Ijyb
  1777 | D:2      | Gained mutation: You are slightly more attuned to the shadows. [demonic ancestry]
  1777 | D:2      | Reached XP level 4. HP: 32/37 MP: 4/4
  2011 | D:2      | Found an oddly glowing altar of Pakellas.
  2234 | D:3      | Reached skill level 4 in Fighting
  2253 | D:3      | Found an iron altar of Okawaru.
  2771 | D:3      | Reached *** piety under Trog
  2929 | D:4      | Found a snail-covered altar of Cheibriados.
  2929 | D:4      | Found a sparkling altar of Nemelex Xobeh.
  2964 | D:4      | Noticed a phantom
  3000 | D:4      | Reached XP level 5. HP: 21/43 MP: 5/5
  3041 | D:4      | Killed a phantom
  3091 | D:4      | Reached skill level 5 in Fighting
  3392 | D:4      | Gained mutation: When hurt, damage is shared between your health and your magic reserves. [demonic ancestry]
  3392 | D:4      | Reached XP level 6. HP: 38/51 MP: 6/6
  3485 | D:4      | Found a sparkling altar of Nemelex Xobeh.
  3660 | D:5      | Entered Level 5 of the Dungeon
  3671 | D:5      | Reached skill level 5 in Maces & Flails
  3844 | D:5      | Noticed an ice beast
  3849 | D:5      | HP: 2/52 [ice beast (1)]
  3849 | D:5      | Slain by an ice beast

Vault maps used:
D:1:      onia_arrival_zoo_common, minmay_bisected
D:2:      kennysheep_the_goblin_king, johnstein_pakellas_dig
D:3:      okawaru_gym_becter, first_bread
D:4:      grunt_temple_overflow_open, grunt_ministairs_5,
          nemelex_spade_bored_becter
D:5:      minmay_temple_entry_statues

Action                   |  1- 3 |  4- 6 || total
-------------------------+-------+-------++-------
Melee: Mace              |   105 |   144 ||   249
       Flail             |       |    10 ||    10
Invok: Berserk           |     2 |     2 ||     4
       Trog's Hand       |     1 |     3 ||     4
  Use: Scroll            |     6 |     8 ||    14
 Stab: Sleeping          |     3 |     7 ||    10
  Eat: Chunk             |     5 |     9 ||    14
